 Dungeon Crawl Stone Soup version 0.21.1-1-g345015fe64 (webtiles) character file.

1317 Gargoyl the Skirmisher (level 8, -13/67 HPs)
             Began as a Centaur Abyssal Knight on Mar 14, 2018.
             Was a Priest of Lugonu.
             Mangled by a two-headed ogre
             ... wielding a +0 giant club
              (14 damage)
             ... on level 5 of the Dungeon.
             The game lasted 00:10:56 (5972 turns).

Gargoyl the Skirmisher (Centaur Abyssal Knight)     Turns: 5972, Time: 00:10:57

Health: -13/67     AC: 12    Str: 18    XL:     8   Next: 33%
Magic:  11/11      EV:  3    Int: 11    God:    Lugonu [***...]
Gold:   239        SH: 10    Dex: 12    Spells: 7/7 levels left

rFire    + . .     SeeInvis .   q - +1 hand axe (freeze)
rCold    . . .     Gourm    .   l - +2 shield
rNeg     . . .     Faith    .   d - +1 chain mail
rPois    .         Spirit   .   s - +2 hat
rElec    .         Reflect  .   x - +0 cloak
rCorr    +         Harm     .   (no gloves)
MR       .....                  (no barding)
Stlth    ..........             (no amulet)
HPRegen  0.21/turn              e - +4 ring of strength
MPRegen  0.12/turn              h - ring of resist corrosion

@: very quick
A: large, hooves 3, blink, blurry vision 1, deformed body, fire resistance 1,
speed 2, tough skin 3
a: Blink, Depart the Abyss, Bend Space, Banish, Renounce Religion


You were on level 5 of the Dungeon.
You worshipped Lugonu.
Lugonu was most pleased with you.
You were not hungry.

You visited 1 branch of the dungeon, and saw 5 of its levels.
You visited the Abyss 1 time.

You collected 239 gold pieces.

Inventory:

Hand Weapons
 a - a +2 hand axe
 q - a +1 hand axe of freezing (weapon)
Armour
 d - a +1 chain mail (worn)
 l - a +2 shield (worn)
 s - a +2 hat (worn)
 x - a +0 cloak (worn)
Jewellery
 e - a +4 ring of strength (left hand)
 h - a ring of resist corrosion (right hand)
Wands
 g - a wand of digging (9)
 r - a wand of flame (7)
 t - a wand of iceblast (10)
Scrolls
 f - a scroll of enchant weapon
 i - 5 scrolls of identify
 j - 4 scrolls of teleportation
 m - 2 scrolls of remove curse
 n - a scroll of magic mapping
 o - a scroll of fear
 v - a scroll of fog
 w - a scroll of noise {unknown}
Potions
 b - a potion of cancellation
 k - 2 potions of haste
 p - a potion of curing
Books
 u - a book of Geomancy

   Spells                             Type                      Level
   a - Sandblast                      Earth                        1
   b - Passwall                       Transmutation/Earth          2
   c - Stone Arrow                    Conjuration/Earth            3
   d - Petrify                        Transmutation/Earth          4
   e - Lee's Rapid Deconstruction     Earth                        5
Comestibles
 c - 8 rations
 z - 2 chunks of flesh


   Skills:
 + Level 4.9 Fighting
 + Level 4.6 Axes
 * Level 4.4 Armour
 + Level 1.0 Dodging
 + Level 2.6 Shields
 * Level 4.6 Invocations
 + Level 0.4 Evocations


You had 7 spell levels left.
You didn't know any spells.

Dungeon Overview and Level Annotations

Branches:
Dungeon (5/15)             Temple (0/1) D:4

Altars:
Dithmenos
Elyvilon
Kikubaaqudgha
Nemelex Xobeh
Wu Jian
Zin
The Shining One

Shops:
D:4 (


Innate Abilities, Weirdness & Mutations

You have hooves in place of feet.
Armour fits poorly on your strangely shaped body.
You cover ground very quickly.
You have extremely tough skin. (AC +3)
You can translocate small distances at will.
Scrolls take you a little longer to read.
Your flesh is heat resistant. (rF+)


Message History

You hit the two-headed ogre. You freeze the two-headed ogre.
You kick the two-headed ogre, but do no damage.
The two-headed ogre is moderately wounded.
You block the two-headed ogre's attack.
The two-headed ogre hits you with a giant spiked club!
You hit the two-headed ogre. You freeze the two-headed ogre.
The two-headed ogre is moderately wounded.
The two-headed ogre hits you with a giant club!!
You block the two-headed ogre's attack.
You hit the two-headed ogre. You freeze the two-headed ogre.
The two-headed ogre is heavily wounded.
The two-headed ogre hits you but does no damage.
The two-headed ogre hits you with a giant spiked club!
* * * LOW HITPOINT WARNING * * *
You hit the two-headed ogre but do no damage.
The two-headed ogre is heavily wounded.
The two-headed ogre hits you with a giant club!
* * * LOW HITPOINT WARNING * * *
The two-headed ogre hits you with a giant spiked club!
You die...

.# .##### #........
##.⌠.#.⌠.#...###.......#
#.#.#.#.#.#.#.##.......#
...#.⌠.#.⌠.#.⌠.#........
⌠.#.#.#.#.#.........#.
._ ..#.⌠.#.⌠.#.'.....##.
⌠.⌠.#.#.#.#.#..'.....##.
#.⌠O#.⌠.#.⌠.#....###.
#.#@#.#.#.##....###.
#.⌠.#...###...###..
#.#.###### #...###..
############..###...
#..............
#..............
#...#######.... ###...#
##... . ###.....# #.(.


You could see a two-headed ogre.

Vanquished Creatures
  Duvessa (D:3)
  Purgy (D:4)
  A phantom (D:4)
  2 ogres (D:4)
  Blork the orc (D:4)
  Dowan (D:3)
  A jelly (D:5)
  2 crimson imps (D:5)
  A hound (D:4)
  2 iguanas
  Terence (D:2)
  A bullfrog skeleton (D:5)
  2 worker ants (D:5)
  A hound zombie (D:4)
  2 hound skeletons (D:5)
  7 adders
  2 oozes
  4 worms
  3 dart slugs
  3 leopard geckos
  3 orcs (D:3)
  2 ball pythons (D:1)
  2 bat skeletons (D:5)
  4 bat zombies (D:5)
  3 giant cockroaches
  9 goblins
  5 hobgoblins
  5 jackals
  7 kobolds
  4 quokkas
  11 bats
  4 frilled lizards
  2 leopard gecko skeletons
  A quokka skeleton (D:5)
  6 rats
107 creatures vanquished.

Vanquished Creatures (others)
  The ghost of supermoro the Skirmisher, a novice MiFi of Gozag (D:4)
1 creature vanquished.

Grand Total: 108 creatures vanquished

Notes
Turn   | Place    | Note
-------+----------+-------------------------------------------
     0 | Abyss:1  | Gargoyl the Centaur Abyssal Knight began the quest for the Orb.
     0 | Abyss:1  | Reached XP level 1. HP: 19/19 MP: 2/2
    45 | Abyss:1  | Found a deep blue altar of Sif Muna.
    50 | Abyss:1  | Gained mutation: Scrolls take you a little longer to read. [potion of mutation]
    50 | Abyss:1  | Gained mutation: You can translocate small distances at will. [potion of mutation]
    50 | Abyss:1  | Gained mutation: Your flesh is heat resistant. (rF+) [potion of mutation]
    56 | Abyss:1  | Noticed a ynoxinul
    79 | Abyss:1  | Noticed a great orb of eyes
    79 | Abyss:1  | Noticed an orc sorcerer
   145 | Abyss:1  | Noticed an ancient zyme
   146 | D:1      | Escaped the Abyss
   289 | D:1      | Reached XP level 2. HP: 26/26 MP: 3/3
   302 | D:1      | Reached * piety under Lugonu
   651 | D:1      | Reached XP level 3. HP: 31/31 MP: 4/4
   840 | D:2      | Noticed Terence
   918 | D:2      | Killed Terence
  1213 | D:2      | Reached XP level 4. HP: 40/40 MP: 5/5
  1417 | D:2      | Found a glowing golden altar of the Shining One.
  1911 | D:3      | Found a shadowy altar of Dithmenos.
  1926 | D:3      | Reached ** piety under Lugonu
  2339 | D:3      | Found a sparkling altar of Nemelex Xobeh.
  2490 | D:3      | Reached XP level 5. HP: 38/46 MP: 6/6
  2780 | D:4      | Noticed Duvessa
  2780 | D:4      | Noticed Dowan
  2809 | D:3      | Killed Duvessa
  2809 | D:3      | Reached skill level 1 in Shields
  2809 | D:3      | Killed Dowan
  2809 | D:3      | Reached XP level 6. HP: 29/52 MP: 8/8
  2991 | D:4      | Noticed supermoro's ghost (novice MiFi)
  3759 | D:5      | Entered Level 5 of the Dungeon
  4105 | D:4      | Reached XP level 7. HP: 42/60 MP: 9/9
  4560 | D:5      | Found a white marble altar of Elyvilon.
  4838 | D:5      | Noticed a two-headed ogre
  4844 | D:5      | Reached *** piety under Lugonu
  4848 | D:4      | Found Alokocij's Weapon Boutique.
  4848 | D:4      | Noticed Blork the orc
  4855 | D:4      | Killed Blork the orc
  4855 | D:4      | Reached skill level 1 in Dodging
  4959 | D:4      | Noticed Purgy
  4971 | D:4      | Killed Purgy
  5047 | D:4      | Found a staircase to the Ecumenical Temple.
  5211 | D:4      | Found a glowing silver altar of Zin.
  5296 | D:4      | Banished supermoro's ghost
  5296 | D:4      | Reached XP level 8. HP: 44/67 MP: 11/11
  5507 | D:5      | Found an ornate altar of the Wu Jian Council.
  5968 | D:5      | Found an ancient bone altar of Kikubaaqudgha.
  5972 | D:5      | HP: 1/67 [two-headed ogre/giant club (15)]
  5972 | D:5      | Mangled by a two-headed ogre

Skill      XL: |  1  2  3  4  5  6  7 |
---------------+----------------------+-----
Axes           | 2 3 4 |  4.6
Armour         | 2 3 4 |  4.4
Fighting       | 4 |  4.9
Shields        | 1 2 |  2.6
Invocations    | 3 4 |  4.6
Dodging        | 1 |  1.0
Evocations     | |  0.4

Action                   |  1- 3 |  4- 6 |  7- 9 || total
-------------------------+-------+-------+-------++-------
Melee: Hand axe          |    89 |   226 |   122 ||   437
       Kick              |    20 |    50 |    42 ||   112
Invok: Depart the Abyss  |     1 |       |       ||     1
       Banish            |       |       |     1 ||     1
Evoke: Wand              |       |       |     7 ||     7
  Use: Scroll            |     3 |     8 |     1 ||    12
       Potion            |     5 |     1 |     1 ||     7
  Eat: Chunk             |       |     6 |     5 ||    11
       Ration            |       |     1 |       ||     1
Armor: Chain mail        |    65 |   152 |    75 ||   292
       Skin              |     4 |       |       ||     4
Dodge: Dodged            |    28 |    19 |     8 ||    55
Block: Shield            |     9 |    97 |    75 ||   181
